Map: Frozen Temple

Players

Gracz - Winner!

  • Race: Protoss Protoss
  • League: Silver

wfb

  • Race: Protoss Protoss
  • League: Silver

VOD

Have the link to the VOD?

Description

Time

  • Played on: Sept. 24, 2016, 6:31 a.m.
  • Length: 4:55
Show
View Real Time Build Order
Export as new Build Order

Gracz Protoss - Winner!

Build Orders:  

Get SALT Encoding   

  12  0:02  Probe (Chrono Boost)  
  13  0:17  Pylon  
  13  0:21  Probe (Chrono Boost)  
  14  0:29  Assimilator  
  14  0:44  Pylon  
  14  0:50  Gateway  
  14  0:55  Probe (Chrono Boost)  
  15  1:05  Probe (Chrono Boost)  
  16  1:15  Gateway  
  16  1:22  Gateway  
  16  1:25  Probe (Chrono Boost)  
  17  1:36  Probe (Chrono Boost)  
  18  1:42  Cybernetics Core  
  18  1:53  Gateway  
  18  2:01  Assimilator  
  18  2:03  Probe (Chrono Boost)  
  19  2:20  Pylon  
  19  2:27  Probe (Chrono Boost)  
  19  2:29  Stalker  
  22  2:39  Probe (Chrono Boost)  
  22  2:42  Stalker  
  25  2:50  Stalker  
  28  2:51  Probe (Chrono Boost)  
  28  3:01  Stalker  
  30  3:10  Stalker  
  32  3:23  Stalker  
  34  3:39  Stalker  
  34  3:40  Stalker  
  38  4:52  Pylon  
Show
View Real Time Build Order
Export as new Build Order

wfb Protoss 

Build Orders:  

Get SALT Encoding   

  12  0:05  Probe (Chrono Boost)  
  13  0:15  Probe (Chrono Boost)  
  14  0:26  Probe (Chrono Boost)  
  15  0:45  Pylon  
  15  1:04  Probe (Chrono Boost)  
  16  1:06  Gateway  
  16  1:14  Probe (Chrono Boost)  
  17  1:21  Assimilator  
  17  1:22  Assimilator  
  17  1:25  Probe (Chrono Boost)  
  18  1:35  Probe (Chrono Boost)  
  19  1:46  Probe (Chrono Boost)  
  20  1:54  Cybernetics Core  
  20  1:56  Probe (Chrono Boost)  
  20  1:59  Nexus  
  21  2:07  Probe (Chrono Boost)  
  22  2:17  Pylon  
  22  2:25  Pylon  
  22  2:31  Zealot  
  24  2:42  Stargate  
  24  2:51  Stargate  
  24  2:57  Zealot  
  24  2:58  Pylon  
  26  3:11  Probe (Chrono Boost)  
  27  3:21  Probe (Chrono Boost)  
  27  3:24  Stalker  
  30  3:28  Void Ray  
  30  3:32  Probe (Chrono Boost)  
  35  3:43  Probe (Chrono Boost)  
  33  4:03  Void Ray  
Tags
 
Add a new tag
Caveats
  • Supply blocks, unpowered buildings, or Contaminate may cause inaccurate times.
  • Supply counts are checked every 10 seconds.